 Dungeon Crawl Stone Soup version 0.19-a0-1899-g2d93087 (webtiles) character file.

238 PurpleRed the Chopper (level 6, -9/49 HPs)
             Began as a Formicid Fighter on Oct 20, 2016.
             Killed from afar by a white imp (10 damage)
             ... with a puff of frost
             ... summoned by Eustachio
             ... on level 4 of the Dungeon.
             The game lasted 00:03:27 (2079 turns).

PurpleRed the Chopper (Formicid Fighter)            Turns: 2079, Time: 00:03:27

Health: -9/49      AC: 10    Str: 20      XL:     6   Next: 28%
Magic:  6/6        EV:  3    Int:  8      God:
Gold:   136        SH: 13    Dex:  8 (10) Spells: 0 memorised, 5 levels left

rFire  . . .     SeeInvis +     a - +0 war axe
rCold  . . .     Gourm    .     s - +1 chain mail {rPois}
rNeg   . . .     Faith    .     p - +0 large shield
rPois  +         Spirit   .     (helmet unavailable)
rElec  .         Reflect  .     (no cloak)
rCorr  .         Harm     .     (no gloves)
MR     +....                    (no boots)
Stlth  ..........               (no amulet)
                                u - -2 ring of strength (curse)
                                v - ring of protection from magic

@: no status effects
A: permanent stasis, dig shafts and tunnels, four strong arms, antennae 3
a: Dig, Shaft Self


You were on level 4 of the Dungeon.
You were very hungry.

You visited 1 branch of the dungeon, and saw 4 of its levels.

You collected 136 gold pieces.

Inventory:

Hand Weapons
 a - a +0 war axe (weapon)
Armour
 c - a +0 shield
 p - a +0 large shield (worn)
 s - a +1 chain mail of poison resistance (worn)
Jewellery
 u - a cursed -2 ring of strength (right hand)
 v - a ring of protection from magic (left hand)
Scrolls
 e - a scroll of magic mapping
 i - a scroll of amnesia
Potions
 d - a potion of might
 g - 3 potions of curing
 h - a potion of cure mutation
 l - 2 potions of heal wounds
 m - 2 potions of degeneration {unknown}
 n - a potion of mutation {unknown}
 o - a potion of brilliance {unknown}
 r - a potion of berserk rage {unknown}
 t - a potion of agility {unknown}
Comestibles
 b - a meat ration
 f - 3 bread rations
 j - a slice of pizza


   Skills:
 + Level 4.4 Fighting
 * Level 4.6 Axes
 + Level 4.5 Armour
 - Level 3.6 Shields


You had 5 spell levels left.
You didn't know any spells.

Dungeon Overview and Level Annotations

Branches:
Dungeon (4/15)
 Temple: D:4-7

Altars:

Annotations:
D:4 Eustachio


Innate Abilities, Weirdness & Mutations

You are under a permanent stasis effect.
You can dig through walls and to a lower floor.
Your four strong arms can wield two-handed weapons with a shield.
You have a pair of large antennae on your head. (SInv)


Message History

You closely miss Eustachio.
Eustachio is heavily wounded.
Your shield and chain mail prevent you from hitting the white imp.
You barely miss the quasit.
Your chain mail prevents you from hitting the white imp.
The quasit bites you but does no damage.
You block the quasit's attack.
The quasit claws you but does no damage.
Eustachio hits you with a rapier of speed.
* * * LOW HITPOINT WARNING * * *
The white imp hits you.
* * * LOW HITPOINT WARNING * * *
The white imp freezes you.
* * * LOW HITPOINT WARNING * * *
The quasit bites you but does no damage.
You block the quasit's attack. x2; You block the white imp's attack.
Eustachio hits you but does no damage. The white imp gestures at you.
The puff of frost hits you!
You die...

# *,,,,,,**** *,,**
**** # ##..,****
*,..#****,,** #
#...** *....,,,,,>,*
# #...##
*#....,,,,,,** #
*#...##
*#.....,,,,,**,
*#...#
###......******,,
#...####......#**
*_,,*
*#...†........#
***,,
##....@@5.....#* **,
##...#..55.##...# **
##..####....#**,,#*
##..## #..?.#***,,**
##..##
#.....#***,,**
######..##
#......#**,,,******
.......##
*#.###...#**,,,,,,,,
#......# *..#
*#....,,,,,,,,,
####..## *..#
*#..[,,,,,,,,,


You could see Eustachio, a quasit and 2 white imps.

Vanquished Creatures
  A hound (D:4)
  3 orc wizards (D:3)
  A worker ant (D:4)
  4 adders
  A worm (D:3)
  A dart slug (D:1)
  2 leopard geckos (D:3)
  8 orcs (D:3)
  4 giant cockroaches
  A goblin (D:2)
  6 hobgoblins
  4 jackals (D:1)
  3 kobolds (D:2)
  A quokka (D:3)
  A ball python (D:2)
  6 bats
  2 frilled lizards
  6 rats
55 creatures vanquished.

Notes
Turn   | Place    | Note
-------+----------+-------------------------------------------
     0 | D:1      | PurpleRed the Formicid Fighter began the quest for the Orb.
     0 | D:1      | Reached XP level 1. HP: 18/18 MP: 1/1
    92 | D:1      | Reached XP level 2. HP: 23/24 MP: 2/2
   460 | D:2      | Reached XP level 3. HP: 28/29 MP: 3/3
   761 | D:2      | Reached XP level 4. HP: 22/37 MP: 4/4
  1283 | D:3      | Reached XP level 5. HP: 42/42 MP: 5/5
  1997 | D:4      | Reached XP level 6. HP: 41/49 MP: 6/6
  2052 | D:4      | Noticed Eustachio
  2079 | D:4      | HP: 1/49 [white imp[Eustachio] (4)]
  2079 | D:4      | Killed from afar by a white imp

Vault maps used:
D:1:      lightli_iron_boxes
D:4:      chequers_temple_overflow_minitemple, first_bread, uniq_eustachio

Skill      XL: |  1  2  3  4  5 |
---------------+----------------+-----
Axes           | 3 4 |  4.6
Fighting       | 4 |  4.4
Armour         | 4 |  4.5
Shields        | |  3.6

Action                   |  1- 3 |  4- 6 || total
-------------------------+-------+-------++-------
Melee: War axe           |    88 |   127 ||   215
  Use: Scroll            |       |     6 ||     6
  Eat: Chunk             |       |     3 ||     3
Armor: Scale mail        |    34 |    27 ||    61
       Chain mail        |       |   103 ||   103
Dodge: Dodged            |    23 |    37 ||    60
Block: Shield            |    45 |    28 ||    73
       Large shield      |       |   102 ||   102
